watermosaic, chaotic female orcish Barbarian ----- ------ --.|.--- - ----- |.--.--------- --- --- ---------- |......-- --.--.|..--|.....|-.....| |..--.-- ---[.......| |.......| |..<......|--....|......|----......| |...).---..| --......-- |-.......-- --...|..-----|.........| ---.|..-- --.--- |.....^)| ---...%...-- |......| |.........--|...|--- |...-- --.-....--.|.....%..| ---......| ---........--.--- ---..| --....).[.........-- |........| |...@.......|--- |..| ---- --.|.[%...|......| |........| --...@.....--|..-- ---- --..-- ----.^..----...-- |-.......| |...........|--..--- --....----|...--- --...| |...)---.--- |-...---....| --...--- |......).--.-- |...-- ---....| |...| |....|......---|.....-- --- |......>....| --..# |...|..| ---.--- --.[.|.---....--......----.-- --.....------ --...-)#-#.--|..| |...| |.....|--..................-- |...(........ ..............| -.# #--.|. ---.--|...|.................-- --..-------...........----..-#-#-# # |.... ..---.----.................| ---- |...........[......-#- # --.... ....| ----.............-- --..................%-- --....--..--- -............| --....---.--.|......| --.......| |...|.--..---- --..-- -------..|.-- ---.|.--- --.-------- ---- ----- ----- --- watermosaic the Bandit Experience level: 6 Strength: 17 Dexterity: 17 Constitution: 18 Intelligence: 8 Wisdom: 9 Charisma: 6 Health: 0(61) Energy: 11(11) Def: 2 Gold: 307 Moves: 2763 Dungeon seed: 7juo3xg5rqwkxM9W Game ID: watermosaic_1554812244 Your Inventory: Coins $ - 307 gold pieces Weapons a - a corroded -1 battle-axe (alternate weapon; not wielded) b - a blessed +0 orcish short sword (weapon in hand) Armor e - an uncursed +0 orcish ring mail (being worn) Comestibles c - 4 uncursed food rations G - an uncursed partly eaten food ration H - an uncursed tripe ration Scrolls C - 2 uncursed scrolls of blank paper D - a blessed scroll of blank paper Potions A - an uncursed potion of confusion E - an uncursed potion of restore ability Wands d - a wand of secret door detection (0:13) x - a wand of speed monster (0:6) Tools t - an uncursed partly used wax candle (lit) (0:370) w - 2 uncursed tallow candles (0:200) Gems n - an uncursed jet stone q - an uncursed worthless piece of white glass r - an uncursed worthless piece of red glass y - an uncursed worthless piece of blue glass z - 3 uncursed worthless pieces of violet glass N - an uncursed worthless piece of black glass Y - an uncursed worthless piece of green glass Spells and supernatural/magical abilities: Name Level Category Fail Memory W - pray for help -- divine ? -- Your skills at the end: Fighting Skills bare handed combat [Basic] Weapon Skills axe [Basic] short sword [Basic] Spellcasting Skills Final Attributes: You were piously aligned. You were poison resistant. You had infravision. You are dead. Vanquished creatures: a gnome king a Woodland-elf a Mordor orc a fog cloud a yellow light a shrieker 2 gnome lords a gnomish wizard a golden naga hatchling a paper golem a little dog 3 dwarves 2 giant bats 2 iguanas an acid blob a gas spore 4 hobbits 4 yellow molds a red mold 15 gnomes a gecko 2 jackals 4 foxes a kobold 2 goblins 5 sewer rats 3 grid bugs a bat 2 lichens 2 kobold zombies a newt 69 creatures vanquished. Voluntary challenges: You were vegetarian. You were an atheist. You used a wielded weapon 95 times, starting on turn 63. You read items or engraved 7 times, starting on turn 1829. You never genocided any monsters. You never polymorphed an object. You never changed form. You used no wishes. You never split a pudding. You never wrote Elbereth's name. You violated your moral code, losing 10 points of alignment, starting on turn 2672. Dungeon overview: The Dungeons of Doom: levels 1 to 4 Level 1 a long staircase Level 2 a sink Level 3 a sink Level 4 stairs to The Gnomish Mines The Gnomish Mines: levels 5 to 6 Level 5 stairs to The Dungeons of Doom Level 6 <- You were here History has recorded: On T:1 you entered the Dungeons of Doom to retrieve the Amulet of Yendor! On T:379 you reached level 2 of The Dungeons of Doom. On T:760 you reached level 3 of The Dungeons of Doom. On T:762 you advanced to experience level 2. On T:1133 you advanced to experience level 3. On T:1149 you reached level 4 of The Dungeons of Doom. On T:1579 you reached level 1 of The Gnomish Mines. On T:1592 you advanced to experience level 4. On T:1756 you advanced to experience level 5. On T:2048 you reached level 2 of The Gnomish Mines. On T:2225 you advanced to experience level 6. Score breakdown: Gold: 307 ( 8465 points) Experience: 6 levels (12456 points) Exploration: 6 levels ( 12.50%) ( 9784 points) Discoveries: 7 items ( 2.85%) ( 5060 points) Valuables value: (no points given unless you survive) Artifact value: 0 ( 0 points) Variety of kills: 31 monsters ( 8.14%) ( 8557 points) Turncount: 2763 turns ( -478 points) Survival: died (score multiplied by 80%) Total score: 35075 Latest messages: You kill the Woodland-elf! It is hit. You see here a faded pall. You hear some noises in the distance. Your candle's flame burns brightly! It is missed. You kill the gas spore! You are caught in the gas spore's explosion! You smite the giant bat. The giant bat bites! (2x) You kill the giant bat! You hear some noises in the distance. (2x) You smite the Woodland-elf. The Woodland-elf thrusts her elven short sword. The Woodland-elf hits! You miss the Woodland-elf. The Woodland-elf thrusts her elven short sword. The Woodland-elf hits! You miss the Woodland-elf. The Woodland-elf thrusts her elven short sword. The Woodland-elf hits! You die... Final status: Goodbye watermosaic the Barbarian, killed by a Woodland-elf... You died in The Gnomish Mines on dungeon level 6 with 35075 points, and 307 pieces of gold, after 2763 moves. You were level 6 with a maximum of 61 hit points when you died.